 Dungeon Crawl Stone Soup version 0.20.0-15-g7f486f2 (webtiles) character file.

1388 Chiseanne the Magician (level 8, 52/52 HPs)
             Began as a Demonspawn Wizard on June 15, 2017.
             Was an Initiate of Vehumet.
             Quit the game on level 6 of the Dungeon.
             The game lasted 00:13:48 (6843 turns).

Chiseanne the Magician (Demonspawn Wizard)          Turns: 6843, Time: 00:13:49

Health: 52/52      AC:  7    Str:  7    XL:     8   Next: 40%
Magic:  19/19      EV: 12    Int: 21    God:    Vehumet [......]
Gold:   324        SH:  0    Dex: 13    Spells: 12/21 levels left

rFire    . . .     SeeInvis .   a - +2 dagger (venom)
rCold    + . .     Gourm    .   (no shield)
rNeg     . . .     Faith    .   n - +0 robe
rPois    .         Spirit   .   i - +0 helmet
rElec    .         Reflect  .   (no cloak)
rCorr    .         Harm     .   (no gloves)
MR       .....                  e - +1 pair of boots
Stlth    ++........             (no amulet)
Regen    0.2/turn               (no ring)
MPRegen  0.2/turn               (no ring)

@: no status effects
A: hooves 1, slimy green scales 1, cold resistance 1, rot immunity
a: Renounce Religion


You were on level 6 of the Dungeon.
You worshipped Vehumet.
Vehumet was noncommittal.
You were not hungry.

You visited 2 branches of the dungeon, and saw 7 of its levels.

You collected 324 gold pieces.

Inventory:

Hand Weapons
 a - a +2 dagger of venom (weapon)
 s - a +2 flail of protection
Missiles
 h - 106 sling bullets
 k - 219 stones (quivered)
 m - 15 poisoned needles
 q - 19 arrows
Armour
 b - a +0 hat
 e - a +1 pair of boots (worn)
 i - a +0 helmet (worn)
 n - a +0 robe (worn)
 w - a +0 buckler
 y - a +0 pair of gloves
Jewellery
 C - a +2 ring of evasion {unknown}
Scrolls
 r - 4 scrolls of remove curse
 u - 3 scrolls of teleportation
 v - a scroll of amnesia {unknown}
 z - a scroll of identify
 B - a scroll of immolation {unknown}
Potions
 g - 2 potions of lignification
 j - a potion of haste
 l - a potion of cancellation
 o - a potion of agility
 p - a potion of ambrosia {unknown}
 t - 2 potions of flight {unknown}
Comestibles
 c - 10 fruits
 d - 3 bread rations
 f - 2 meat rations
 x - a royal jelly


   Skills:
 - Level 1.7 Dodging
 - Level 1.7 Stealth
 * Level 7.4 Spellcasting
 * Level 7.3 Conjurations
   Level 1.0 Summonings
 - Level 0.8 Translocations


You had 12 spell levels left.
You knew the following spells:

 Your Spells              Type           Power        Failure   Level  Hunger
a - Magic Dart            Conj           ####         1%          1    None
b - Blink                 Tloc           N/A          9%          2    None
c - Conjure Flame         Conj/Fire      ###.....     5%          3    None
d - Mephitic Cloud        Conj/Pois/Air  ###.....     10%         3    None


Dungeon Overview and Level Annotations

Branches:
Dungeon (6/15)             Temple (1/1) D:5

Altars:
Cheibriados
Dithmenos
Elyvilon
Fedhas
Gozag
Hepliaklqana
Kikubaaqudgha
Makhleb
Nemelex Xobeh
Okawaru
Qazlal
Ru
Sif Muna
Vehumet
Xom
Yredelemnul
Zin
The Shining One

Annotations:
D:5 xash's ghost, novice FoFi


Innate Abilities, Weirdness & Mutations

You have large cloven feet.
You are partially covered in slimy green scales. (AC +2)
Your flesh is cold resistant. (rC+)
You are immune to rotting.


Message History

The ice beast barely misses you.
Casting: Magic Dart
Confirm with . or Enter, or press ? or * to list all spells.
Aiming: Magic Dart
Press: ? - help, Shift-Dir - straight line, f/p - ice beast
Aim: an ice beast (almost dead)
The magic dart hits the ice beast.
You kill the ice beast!
Vehumet accepts your kill.
Casting: Magic Dart
Confirm with . or Enter, or press ? or * to list all spells.
Aiming: Magic Dart
Press: ? - help, Shift-Dir - straight line, f - you That beam is likely to hit you.
Continue anyway?
Okay, then.
Wield which item (- for none, * to show all)? (? for menu, Esc to quit)
Your +2 flail of protection goes still.
Your +2 dagger of venom begins to drip with poison!
a - a +2 dagger of venom (weapon)
Are you sure you want to abandon this character and quit the game? (Confirm with "yes".)

.# .#######.#
.........# .........#
.........#
.........## #
...$......##..
..........##..#
..###...@.##..#
####.###..####
#.........#######+
##.##..##.#.).....
#........)<......
##.##............
#...............
##.######.......
.....................


There were no monsters in sight!

Vanquished Creatures
  Prince Ribbit (D:6)
  Eustachio (D:5)
  An ice beast (D:6)
  A phantom (D:5)
  A bullfrog (D:4)
  A scorpion (D:5)
  A bullfrog zombie (D:5)
  3 crimson imps
  6 orc wizards
  4 orc priests
  A hound (D:5)
  2 iguanas
  A worker ant (D:6)
  A hound zombie (D:5)
  A hound skeleton (D:4)
  13 adders
  A shadow imp (D:5)
  2 adder skeletons
  2 worms
  A dart slug (D:4)
  8 leopard geckos
  14 orcs
  A giant cockroach (D:3)
  8 goblins
  10 hobgoblins
  3 jackals
  12 kobolds
  4 quokkas
  4 ball pythons
  A ball python skeleton (D:4)
  4 bats (D:1)
  A jackal skeleton (D:5)
  10 rats
125 creatures vanquished.

Notes
Turn   | Place    | Note
-------+----------+-------------------------------------------
     0 | D:1      | Chiseanne the Demonspawn Wizard began the quest for the Orb.
     0 | D:1      | Reached XP level 1. HP: 13/13 MP: 4/4
   221 | D:1      | Gained mutation: You are partially covered in slimy green scales. (AC +2) [demonic ancestry]
   221 | D:1      | Reached XP level 2. HP: 12/19 MP: 0/6
   501 | D:1      | Found a glowing golden altar of the Shining One.
   790 | D:1      | Reached XP level 3. HP: 21/24 MP: 0/7
  1001 | D:1      | Learned a level 2 spell: Blink
  1005 | D:1      | Learned a level 3 spell: Conjure Flame
  1010 | D:1      | Learned a level 3 spell: Mephitic Cloud
  1765 | D:3      | Gained mutation: You are immune to rotting. [demonic ancestry]
  1765 | D:3      | Reached XP level 4. HP: 20/30 MP: 0/9
  1881 | D:2      | You fall through a shaft for 2 floors!
  1881 | D:4      | Noticed a bullfrog
  2339 | D:4      | Reached XP level 5. HP: 33/35 MP: 4/11
  3446 | D:4      | Reached XP level 6. HP: 41/41 MP: 8/13
  3606 | D:4      | Reached skill level 5 in Spellcasting
  4244 | D:4      | Reached skill level 5 in Conjurations
  4448 | D:5      | Entered Level 5 of the Dungeon
  4549 | D:5      | Gained mutation: Your flesh is cold resistant. (rC+) [demonic ancestry]
  4549 | D:5      | Reached XP level 7. HP: 46/46 MP: 9/15
  4678 | D:5      | Noticed xash's ghost (novice FoFi)
  4739 | D:5      | Noticed Eustachio
  4742 | D:5      | Found a staircase to the Ecumenical Temple.
  4749 | Temple   | Entered the Ecumenical Temple
  4972 | Temple   | Became a worshipper of Vehumet
  6316 | D:5      | Killed Eustachio
  6316 | D:5      | Gained mutation: You have large cloven feet. [demonic ancestry]
  6316 | D:5      | Reached XP level 8. HP: 42/52 MP: 6/18
  6450 | D:6      | Noticed Prince Ribbit
  6485 | D:6      | HP: 2/52 [Prince Ribbit (10)]
  6487 | D:6      | Killed Prince Ribbit
  6843 | D:6      | Quit the game

Skill      XL: |  1  2  3  4  5  6  7  8 |
---------------+-------------------------+-----
Conjurations   | 2 3 4 5 6 7 |  7.3
Spellcasting   | 4 5 6 7 |  7.4
Dodging        | |  1.7
Stealth        | |  1.7
Summonings     | |  1.0
Translocations | |  0.8

Action                   |  1- 3 |  4- 6 |  7- 9 || total
-------------------------+-------+-------+-------++-------
Melee: Short sword       |    20 |       |       ||    20
       Dagger            |     9 |    57 |    77 ||   143
       Flail             |       |       |    15 ||    15
 Cast: Magic Dart        |    92 |   120 |   110 ||   322
       Mephitic Cloud    |       |     5 |     5 ||    10
       Blink             |       |     1 |     5 ||     6
       Conjure Flame     |       |       |    11 ||    11
  Use: Scroll            |     5 |     6 |       ||    11
 Stab: Sleeping          |     1 |     1 |       ||     2
       Confused          |       |       |     1 ||     1
  Eat: Chunk             |     2 |     8 |     7 ||    17
       Fruit             |       |     2 |       ||     2
Armor: Robe              |     9 |    26 |    57 ||    92
Dodge: Dodged            |    24 |    39 |    69 ||   132
